 Dungeon Crawl Stone Soup version 0.30-a0-862-g1aabd4f9c5 (webtiles) character file.

Game seed: 9083017403602784895

1047 bande the Chopper (level 8, -6/48 HPs)
             Began as a Gargoyle Fighter on Mar 8, 2023.
             Was a Believer of Okawaru.
             Mangled by an ogre
             ... wielding a +0 giant club
              (12 damage)
             ... on level 5 of the Dungeon.
             The game lasted 00:06:26 (3770 turns).

bande the Chopper (Gargoyle Fighter)                Turns: 3770, Time: 00:06:26

Health: -6/48      AC: 15    Str: 21    XL:     8   Next: 25%
Magic:  0/11       EV:  7    Int:  8    God:    Okawaru [**....]
Gold:   177        SH:  0    Dex: 11    Spells: 7/7 levels left

rFire   . . .      SeeInvis .    a - +0 war axe
rCold   . . .      Faith    .    c - +0 buckler
rNeg    + . .      Spirit   +    i - +0 chain mail
rPois   ∞          Reflect  .    (no helmet)
rElec   +          Rampage  .    (no cloak)
rCorr   .                        (no gloves)
Will    .....                    (no boots) Stlth
                                 e - amulet of guardian spirit
HPRegen 0.28/turn                f - ring of wizardry
MPRegen 0.12/turn                (no ring)

@: confused, ambrosia-drunk, attractive
A: sickness immunity, AC +5, negative energy resistance 1, electricity
resistance, torment resistance 1, petrification resistance
a: Renounce Religion, Heroism


You were on level 5 of the Dungeon.
You worshipped Okawaru.
Okawaru was pleased with you.
You visited 1 branch of the dungeon, and saw 5 of its levels.

You collected 177 gold pieces.

Inventory:

Hand Weapons
 a - a +0 war axe (weapon)
 d - a +3 flail of draining
 p - a +0 war axe
Armour
 c - a +0 buckler (worn)
 i - a +0 chain mail (worn)
Jewellery
 e - an amulet of guardian spirit (around neck)
 f - a ring of wizardry (left hand)
 l - an amulet of the acrobat
Wands
 u - a wand of digging (4)
Scrolls
 g - 2 scrolls of magic mapping {unknown}
 k - 4 scrolls of teleportation {unknown}
 n - 2 scrolls of poison {unknown}
 o - a scroll of enchant weapon {unknown}
 r - 2 scrolls of amnesia {unknown}
 s - 2 scrolls of noise {unknown}
 t - a scroll of fear {unknown}
Potions
 b - a potion of lignification {unknown}
 h - a potion of curing
 j - a potion of ambrosia
 m - a potion of attraction
 q - a potion of might


   Skills:
 + Level 4.8 Fighting
 + Level 5.7 Axes
 + Level 5.4 Armour
 - Level 0.1 Dodging
 + Level 4.5 Shields
 * Level 4.0 Invocations


You had 7 spell levels left.
You didn't know any spells.
Your spell library contained the following spells:

 Spells                   Type           Power      Damage    Failure   Level
 Apportation              Tloc           0%         N/A       86%         1
 Beastly Appendage        Tmut           0%         N/A       86%         1
 Necrotise                Necr           0%         1d4       86%         1
 Blink                    Tloc           0%         N/A       94%         2
 Lesser Beckoning         Tloc           0%         N/A       94%         2
 Wereblood                Tmut           0%         N/A       94%         2
 Gell's Gravitas          Tloc           0%         N/A       99%         3
 Spider Form              Tmut/Pois      0%         N/A       99%         3
 Teleport Other           Tloc           0%         N/A       99%         3
 Manifold Assault         Tloc           0%         N/A       100%        4
 Passage of Golubria      Tloc           0%         N/A       100%        4
 Yara's Violent Unravell  Hex/Tmut       0%         3d3       100%        5
 Storm Form               Tmut/Air       0%         N/A       100%        7
 Summon Small Mammal      Summ           Unusable   N/A       N/A         1
 Tukima's Dance           Hex            Unusable   N/A       N/A         3

Dungeon Overview and Level Annotations

Branches:
Dungeon (5/15)
 Temple: D:4-7

Altars:
Okawaru
Trog
Uskayaw
Vehumet

Annotations:
D:3 exclusion: statue


Innate Abilities, Weirdness & Mutations

You are immune to sickness and miasma.
Your stone body is resilient. (AC +5)
You are immune to poison.
You resist negative energy. (rN+)
You are resistant to electric shocks. (rElec)
You are resistant to unholy torment.
You are immune to petrification.


Message History

The ice beast is heavily wounded.
You barely miss the ogre. The ice beast hits you. The ice beast freezes you!
The ogre hits you with a +0 giant club!
You slash the ice beast!
The ice beast is almost dead.
You hit the ogre. The ice beast barely misses you.
You closely miss the ice beast.
The ice beast is almost dead.
You barely miss the ogre. You block the ice beast's attack.
The ogre hits you with a +0 giant club! The ice beast hits you.
The ice beast freezes you.
* * * LOW HITPOINT WARNING * * *
You are too injured to fight recklessly!
You are too injured to fight recklessly!
You are too injured to fight recklessly!
You are too injured to fight recklessly!
You are too injured to fight recklessly!
You are too injured to fight recklessly!
You barely miss the ogre.
The ogre is moderately wounded.
You hit the ice beast but do no damage. The ogre barely misses you.
The ice beast hits you.
* * * LOW HITPOINT WARNING * * *
The ice beast freezes you.
* * * LOW HITPOINT WARNING * * *
It was a potion of curing.
You feel better.
The ice beast hits you but does no damage.
The ogre barely misses you.
It was a potion of attraction.
You feel attractive to monsters. The ice beast barely misses you.
It was a potion of ambrosia.
You are confused.
You feel invigorated.
The ogre hits you with a +0 giant club!!
* * * LOW HITPOINT WARNING * * *
The ice beast hits you but does no damage.
The ice beast hits you but does no damage.
The ogre hits you with a +0 giant club!
You die...

.# #.# #.#
##.#### #...$.
#...# #.$.#
#<..# #.@.#
#.....†YO....#
...........#.#
..^..####..# #
...#. ...# ##
# ..## .## #.


You could see an ice beast and an ogre.

Vanquished Creatures
  Sigmund (D:3)
  Menkaure (D:4)
  An ice beast (D:3)
  A centaur (D:4)
  3 scorpions
  2 hounds (D:4)
  2 orc priests (D:3)
  An iguana (D:4)
  Natasha (thrice) (D:2)
  Terence (D:3)
  2 orc wizards
  3 adders
  2 worms (D:2)
  3 dart slugs
  5 orcs
  7 ball pythons
  6 endoplasms
  5 giant cockroaches
  12 goblins
  11 hobgoblins
  10 jackals
  4 quokkas
  A bat (D:2)
  4 frilled lizards
  5 kobolds
  4 rats
100 creatures vanquished.

Notes
Turn   | Place    | Note
-------+----------+-------------------------------------------
     0 | D:1      | bande the Gargoyle Fighter began the quest for the Orb.
     0 | D:1      | Reached XP level 1. HP: 14/14 MP: 1/1
    71 | D:1      | Reached XP level 2. HP: 19/19 MP: 2/2
   329 | D:1      | Reached XP level 3. HP: 23/23 MP: 3/3
   854 | D:2      | Found an iron altar of Okawaru.
   866 | D:2      | Became a worshipper of Warmaster Okawaru
   876 | D:2      | Noticed Natasha
   880 | D:2      | Killed Natasha
   881 | D:2      | Reached XP level 4. HP: 29/29 MP: 4/4
  1036 | D:2      | Reached skill level 1 in Invocations
  1075 | D:2      | You fall into a shaft and drop 2 floors!
  1096 | D:4      | Reached XP level 5. HP: 31/33 MP: 3/6
  1108 | D:3      | Noticed Sigmund
  1235 | D:3      | Killed Sigmund
  1235 | D:3      | Reached * piety under Okawaru
  1236 | D:3      | Reached XP level 6. HP: 25/38 MP: 4/7
  1331 | D:3      | Noticed Terence
  1342 | D:3      | Killed Terence
  1573 | D:2      | Noticed Natasha
  1579 | D:2      | Killed Natasha
  1814 | D:2      | Noticed Natasha
  1825 | D:2      | Killed Natasha
  2142 | D:3      | Found a hide-covered altar of Uskayaw.
  2240 | D:3      | Reached XP level 7. HP: 43/43 MP: 9/9
  2484 | D:3      | Found a radiant altar of Vehumet.
  2670 | D:3      | Reached skill level 5 in Axes
  2884 | D:4      | Reached ** piety under Okawaru
  3051 | D:4      | Reached skill level 5 in Armour
  3261 | D:4      | Reached XP level 8. HP: 46/48 MP: 7/10
  3427 | D:4      | Noticed Menkaure
  3435 | D:4      | Killed Menkaure
  3519 | D:4      | Found a bloodstained altar of Trog.
  3755 | D:5      | Entered Level 5 of the Dungeon
  3769 | D:5      | HP: 1/48 [ogre/+0 giant club (14)]
  3770 | D:5      | Mangled by an ogre

Illustrated notes

Levels and vault maps discovered:
D:1:      nzn_arrival_depleted_hourglass, layout_basic
D:2:      layout_basic, basic_altar, eino_curves_03, uniq_natasha
D:3:      layout_basic, mainiacjoe_overflow_tiny_flanked, vehumet_statue,
          uniq_terence, uniq_sigmund
D:4:      layout_loops_corners, mainiacjoe_overflow_paths, uniq_menkaure
D:5:      layout_loops_ring, minmay_temple_entry_arrows

Skill      XL: |  1  2  3  4  5  6  7  8 |
---------------+-------------------------+-----
Axes           | 2 3 4 5 |  5.7
Invocations    | 1 2 3 4 |  4.0
Armour         | 4 5 |  5.4
Fighting       | 4 |  4.8
Shields        | 4 |  4.5
Dodging        | |  0.1

Action                     |  1- 3 |  4- 6 |  7- 9 || total
---------------------------+-------+-------+-------++-------
  Melee: War axe           |    92 |   114 |   144 ||   350
    Use: Potion            |       |     1 |     3 ||     4
 Armour: Scale mail        |    42 |     7 |       ||    49
         Chain mail        |       |    57 |   103 ||   160
  Dodge: Dodged            |    63 |    39 |    56 ||   158
  Block: Buckler           |    22 |    19 |    45 ||    86

Table legend: (Time is in decaauts)
 A = Elapsed time spent in this place.
 B = Non-inter-level travel time spent in this place.
 C = Inter-level travel time spent in this place.
 D = Time resting spent in this place.
 E = Time spent auto-exploring this place.
 F = Levels seen in this place.
 G = Mean time per level.
                   A        B        C        D        E       F      G
               +--------+--------+--------+--------+--------+-----+--------+
         Total |   3909 |   3730 |    179 |    281 |   2555 |   5 |  781.8 |
       Dungeon |   3909 |   3730 |    179 |    281 |   2555 |   5 |  781.8 |
               +--------+--------+--------+--------+--------+-----+--------+

Top non-repeatable levels by time:
     D:4: 1145 daAuts
     D:2: 956 daAuts
     D:3: 925 daAuts
     D:1: 865 daAuts
     D:5: 17 daAuts
